 Dungeon Crawl Stone Soup version 0.28.0-56-g4927b6849a (webtiles) character file.

Game seed: 1307218656388774902

1701 Atelerd the Digger (level 9, -4/53 HPs)
             Began as an Octopode Earth Elementalist on Jan 25, 2023.
             Slain by a killer bee (8 damage)
             ... on level 7 of the Dungeon.
             The game lasted 00:08:41 (7653 turns).

Atelerd the Digger (Octopode Earth Elementalist)    Turns: 7653, Time: 00:08:45

Health: -4/53      AC:  1    Str: 15    XL:     9   Next: 3%
Magic:  11/16      EV: 13    Int: 22    God:
Gold:   223        SH:  0    Dex: 14    Spells: 9/19 levels left

rFire   . . .      SeeInvis .   x - +0 dagger (venom)
rCold   . . .      Faith    .   (no shield)
rNeg    . . .      Spirit   .   (helmet restricted)
rPois   .          Reflect  .   (no amulet)
rElec   .          Harm     .   i - +6 ring of strength
rCorr   .          Rampage  .   (no ring)
Will    .....                   (no ring)
Stlth   ++++......              (no ring)
HPRegen 0.17/turn               (no ring)
MPRegen 0.15/turn               (no ring)
                                (no ring)
                                (no ring)

@: lethally poisoned (-4 -> -12)
A: almost no armour, amphibious, 8 rings, camouflage 1, gelatinous body 1,
(nimble swimmer 1), tentacles, beak, agile 1, low MP 1, strong 1
a: no special abilities


You were on level 7 of the Dungeon.
You visited 1 branch of the dungeon, and saw 7 of its levels.

You collected 223 gold pieces.

Inventory:

Hand Weapons
 c - a +0 short sword
 x - a +0 dagger of venom (weapon)
Missiles
 b - 18 stones
Jewellery
 i - a +6 ring of strength (left tentacle)
Wands
 r - a wand of digging (7)
 v - a wand of charming (4)
Scrolls
 d - 2 scrolls of identify {unknown}
 e - 2 scrolls of amnesia {unknown}
 f - 4 scrolls of enchant armour {unknown}
 h - a scroll of blinking {unknown}
 j - a scroll of noise {unknown}
 m - a scroll of fear {unknown}
 p - 3 scrolls of teleportation {unknown}
 t - a scroll of immolation {unknown}
 w - a scroll of brand weapon {unknown}
 y - a scroll of enchant weapon {unknown}
Potions
 a - a potion of cancellation {unknown}
 g - a potion of attraction {unknown}
 k - a potion of mutation
 l - a potion of lignification {unknown}
 n - a potion of resistance {unknown}
 o - a potion of brilliance {unknown}
 q - a potion of degeneration {unknown}
 s - a potion of flight {unknown}
 u - a potion of magic {unknown}
 z - a potion of haste {unknown}


   Skills:
 - Level 1.0 Fighting
 - Level 1.0 Short Blades
 - Level 2.0 Dodging
 + Level 6.3 Stealth
 + Level 5.9 Spellcasting
 * Level 1.8 Necromancy
 - Level 5.0 Transmutations
 + Level 6.8 Earth Magic


You had 9 spell levels left.
You knew the following spells:

 Your Spells              Type           Power      Damage    Failure   Level
a - Sandblast             Erth           72%        2d16      1%          1
p - Petrify               Tmut/Erth      32%        N/A       9%          4
v - Borgnjor's Vile Clut  Necr/Erth      12%        N/A       41%         5

Your spell library contained the following spells:

 Spells                   Type           Power      Damage    Failure   Level
 Passwall                 Tmut/Erth      26%        N/A       1%          2
 Stone Arrow              Conj/Erth      42%        3d9       7%          3
 Poisonous Vapours        Pois/Air       12%        N/A       14%         2
 Swiftness                Air            6%         N/A       28%         3
 Animate Dead             Necr           7%         N/A       41%         4
 Lightning Bolt           Conj/Air       3%         1d14      95%         5
 Death Channel            Necr           7%         N/A       100%        6
 Storm Form               Tmut/Air       8%         N/A       100%        7


Dungeon Overview and Level Annotations

Branches:
Dungeon (7/15)
 Temple: D:4-7

Altars:
Ashenzari


Innate Abilities, Weirdness & Mutations

You cannot wear most types of armour.
You are amphibious.
You can wear up to eight rings at the same time.
Your skin changes colour to match your surroundings (Stealth+).
Your rubbery body absorbs attacks. (AC +1, EV +1)
((You are camouflaged when in or above water. (Stealth+)))
You have tentacles for arms and can constrict up to eight enemies at once.
You have a beak for a mouth.
You are agile. (Dex +2)
Your magical capacity is low. (-10% MP)
Your muscles are strong. (Str +2)


Message History

The killer bee is moving more slowly.
The killer bee buzzes angrily.
The killer bee stops moving altogether!
The killer bee stings you.
You are poisoned.
The killer bee poisons you!
You feel very sick.
You feel sick. The killer bee stings you!
You are more poisoned.
The killer bee poisons you!
Casting: Petrify (dangerous; 9% risk of failure)
Confirm with . or Enter, or press ? or * to list all spells.
Aiming: Petrify (dangerous; 9% risk of failure)
Press: ? - help, Shift-Dir - straight line, f - killer bee
Aim: a killer bee (chance to affect: 70%)
The killer bee struggles to resist.
You feel very sick. The killer bee stings you.
Unknown command.
Aiming: Charm
Press: ? - help, Shift-Dir - straight line, f/p - killer bee
Aim: a killer bee (chance to affect: 57%)
The killer bee is charmed.
You feel very sick. The killer bee misses you. The killer bee stings you!
You are more poisoned.
The killer bee poisons you!
You feel very sick. The killer bee misses you.
* * * LOW HITPOINT WARNING * * *
You feel very sick.
Your killer bee completely misses the killer bee.
The killer bee completely misses you.
Your killer bee misses the killer bee.
It was a potion of mutation.
You feel extremely strange.
You feel stronger.
You feel agile.
You feel less energetic.
Your mouth lengthens and hardens into a beak!
You feel sick. The killer bee stings you!
* * * LOW HITPOINT WARNING * * *
Your killer bee stings the killer bee!
The killer bee stings you!
You die...

#......# #.####.#.######
#.####.#......#
#.#....#......#
#<#.####......#
#.###.####.....
#........#... .
#####.##.#.#############..
....#.>@y..............
..........#y#............
######.....#.#............
........#.#............
###.#####.#............
.... #.#..........$. ###.
#.#............ ..
#.#.#y.........
#.#.#.###.####.


You could see a killer bee and a friendly killer bee (charmed).

Vanquished Creatures
  Grinder (D:4)
  Duvessa (D:6)
  An orc warrior (D:6)
  2 black bears
  An ice beast (D:4)
  A sky beast (D:6)
  A centaur (D:6)
  An ogre (D:4)
  4 scorpions
  A wyvern skeleton (D:6)
  A water moccasin skeleton (D:5)
  Dowan (D:6)
  A bullfrog zombie (D:6)
  A hound (D:4)
  2 jellies
  An iguana (D:6)
  An orc wizard (D:6)
  10 gnolls
  4 adders
  A shadow imp (D:5)
  2 white imps (D:6)
  An adder skeleton (D:4)
  A worm (D:3)
  3 dart slugs
  14 orcs
  3 ball pythons
  7 bats
  7 endoplasms
  2 giant cockroaches
  8 goblins
  6 hobgoblins
  2 jackals (D:4)
  4 quokkas
  2 frilled lizards (D:3)
  7 kobolds
  A rat (D:3)
107 creatures vanquished.

Notes
Turn   | Place    | Note
-------+----------+-------------------------------------------
     0 | D:1      | Atelerd the Octopode Earth Elementalist began the quest for
                  | the Orb.
     0 | D:1      | Reached XP level 1. HP: 11/11 MP: 3/3
   375 | D:1      | Reached XP level 2. HP: 17/17 MP: 1/5
   758 | D:1      | Found a faded altar of an unknown god.
  1096 | D:2      | Reached XP level 3. HP: 16/21 MP: 1/6
  2102 | D:3      | Reached XP level 4. HP: 27/27 MP: 4/8
  2687 | D:3      | Reached XP level 5. HP: 31/31 MP: 9/9
  2960 | D:4      | Noticed an ogre
  2964 | D:4      | Killed an ogre
  2965 | D:4      | Reached skill level 1 in Fighting
  2965 | D:4      | Reached skill level 1 in Short Blades
  2965 | D:4      | Reached XP level 6. HP: 9/38 MP: 8/10
  2970 | D:4      | Learned a level 4 spell: Petrify
  3525 | D:4      | Noticed a black bear
  3540 | D:4      | Killed a black bear
  3633 | D:4      | Found a broken altar of Ashenzari.
  3637 | D:4      | Noticed Grinder
  3671 | D:4      | Killed Grinder
  3672 | D:4      | Reached XP level 7. HP: 34/43 MP: 7/12
  3942 | D:4      | Reached skill level 5 in Stealth
  4440 | D:5      | Entered Level 5 of the Dungeon
  4870 | D:5      | Reached skill level 5 in Transmutations
  5046 | D:5      | Reached skill level 5 in Earth Magic
  5354 | D:5      | Reached XP level 8. HP: 39/48 MP: 12/14
  6255 | D:6      | Reached skill level 5 in Spellcasting
  6467 | D:6      | Got Hiwy's Almanac of Feathers
  7279 | D:6      | Learned a level 5 spell: Borgnjor's Vile Clutch
  7385 | D:6      | Noticed Duvessa
  7386 | D:6      | Noticed Dowan
  7403 | D:6      | Killed Duvessa
  7404 | D:6      | Reached skill level 1 in Necromancy
  7405 | D:6      | Killed Dowan
  7552 | D:6      | Reached XP level 9. HP: 53/53 MP: 17/17
  7653 | D:7      | Gained mutation: Your muscles are strong. (Str +2) [potion
                  | of mutation]
  7653 | D:7      | Gained mutation: You are agile. (Dex +2) [potion of
                  | mutation]
  7653 | D:7      | Gained mutation: Your magical capacity is low. (-10% MP)
                  | [potion of mutation]
  7653 | D:7      | Gained mutation: You have a beak for a mouth. [potion of
                  | mutation]
  7653 | D:7      | Slain by a killer bee

Illustrated notes

Levels and vault maps discovered:
D:1:      erik_arrival_orb_chamber, layout_basic,
          hellmonk_ecumenical_altar_heavens_door
D:2:      layout_loops_ring, minmay_misc_feat_columns, minmay_door_square,
          chequers_arboretum, grunt_ministairs_9
D:3:      layout_basic
D:4:      layout_loops_corners, ashenzari_altar_1, minmay_fountain_box,
          roderic_roman_lattice, moated_statue, uniq_grinder
D:5:      layout_gridville, palyth_stone_intersect
D:6:      layout_basic, uniq_duvessa
D:7:      layout_basic, minmay_temple_entry_slanted, kennysheep_dice

Skill      XL: |  1  2  3  4  5  6  7  8 |
---------------+-------------------------+-----
Stealth        | 3 4 5 6 |  6.3
Transmutations | 2 3 4 5 |  5.0
Fighting       | 1 |  1.0
Short Blades   | 1 |  1.0
Spellcasting   | 3 4 5 |  5.9
Earth Magic    | 4 5 6 |  6.8
Necromancy     | 1 |  1.8
Dodging        | |  2.0

Action                   |  1- 3 |  4- 6 |  7- 9 || total
-------------------------+-------+-------+-------++-------
Melee: Unarmed           |     4 |       |       ||     4
       Tentacles         |     6 |    12 |    17 ||    35
       Constrict         |     8 |    13 |    18 ||    39
       Short sword       |    34 |    44 |    53 ||   131
       Punch             |     1 |       |     2 ||     3
       Dagger            |       |       |    15 ||    15
 Cast: Sandblast         |    27 |    26 |    36 ||    89
       Petrify           |       |     2 |    10 ||    12
Evoke: Wand              |       |       |     1 ||     1
  Use: Potion            |       |       |     1 ||     1
 Stab: Sleeping          |     7 |     7 |    14 ||    28
       Petrified         |       |    12 |    15 ||    27
Armor: Skin              |     9 |     2 |     3 ||    14
Dodge: Dodged            |    27 |    24 |    39 ||    90
